 Dungeon Crawl Stone Soup version 0.29.0-13-gc9e81de378 (webtiles) character file.

Game seed: 17649959093463327314

183378 Godmorgon the Slayer (level 17, -1/176 HPs)
             Began as a Minotaur Fighter on Sept 8, 2022.
             Was the Champion of Okawaru.
             Slain by a ghoul (19 damage)
             ... on level 3 of the Swamp.
             The game lasted 02:44:18 (31666 turns).

Godmorgon the Slayer (Minotaur Fighter)            Turns: 31666, Time: 02:44:18

Health: -1/176     AC: 25    Str: 31    XL:     17   Next: 74%
Magic:  0/26       EV: 24    Int:  4    God:    Okawaru [******]
Gold:   412        SH:  9    Dex: 18    Spells: 16/16 levels left

rFire   + + +      SeeInvis .   b - +2 demon whip (vamp)
rCold   + . .      Faith    .   V - +1 buckler {AC+3}
rNeg    . . .      Spirit   +   p - +4 ring mail of Hooshrio {rPois rF+}
rPois   +          Reflect  .   M - +1 hat "Fusiah" {Drain Fly Will+++ Str+3}
rElec   +          Harm     .   P - +2 cloak
rCorr   .          Rampage  .   W - +0 pair of gloves
Will    +++++                   c - +2 pair of boots "Lafa" {rF+++ Int-3 Dex+7 Stlth-}
Stlth   +.........              y - amulet of guardian spirit
HPRegen 0.39/turn               N - ring of Paor {rElec rF+ rC+ Will+ Int+2}
MPRegen 0.20/turn               o - +4 ring of evasion

@: lethally poisoned (-1 -> -8), about to teleport, heroic, flying, slowed,
studying 2 skills, very slow
A: horns 2, retaliatory headbutt
a: Renounce Religion, Heroism, Finesse, Duel


You were on level 3 of the Swamp.
You worshipped Okawaru.
Okawaru was exalted by your worship.
You visited 4 branches of the dungeon, and saw 25 of its levels.
You also visited: Ice Cave.

You collected 2969 gold pieces.
You spent 2557 gold pieces at shops.

Inventory:

Hand Weapons
 a - a +2 vorpal eveningstar
 b - a +2 vampiric demon whip (weapon)
Missiles
 e - 16 curare-tipped darts
 h - 8 javelins (quivered)
 j - 8 boomerangs
 r - 2 boomerangs of dispersal
 s - 14 poisoned darts
 u - 2 atropa-tipped darts
 I - 2 silver boomerangs
 U - 2 throwing nets
Armour
 c - the +2 pair of boots "Lafa" (worn) {rF+++ Int-3 Dex+7 Stlth-}
   (You found it on level 14 of the Dungeon)

   Int:       It affects your intelligence (-3).
   Dex:       It affects your dexterity (+7).
   rF:        It renders you almost immune to fire.
   Stlth:     It makes you less stealthy.
 p - the +4 ring mail of Hooshrio (worn) {rPois rF+}
   (Okawaru gifted it to you on level 5 of the Lair of Beasts)

   rF:        It protects you from fire.
   rPois:     It protects you from poison.
 M - the +1 hat "Fusiah" (worn) {Drain Fly Will+++ Str+3}
   (Okawaru gifted it to you on level 13 of the Dungeon)

   Str:       It affects your strength (+3).
   Fly:       It grants you flight.
   Drain:     It drains your maximum health when unequipped.
   Will:      It greatly increases your willpower.
 P - a +2 cloak (worn)
 V - a +1 buckler of protection (worn)
 W - a +0 pair of gloves (worn)
 X - +4 ice dragon scales
Jewellery
 f - the ring of Untruth {Wiz rElec rPois rC- Str-3}
   (You found it on level 4 of the Lair of Beasts)

   [ring of wizardry]

   It improves your spell success rate.
   Str:       It affects your strength (-3).
   rC:        It makes you vulnerable to cold.
   rElec:     It insulates you from electricity.
   rPois:     It protects you from poison.
 g - a ring of resist corrosion
 o - a +4 ring of evasion (right hand)
 w - a ring of see invisible
 y - an amulet of guardian spirit (around neck)
 N - the ring of Paor (left hand) {rElec rF+ rC+ Will+ Int+2}
   (You bought it in a shop on level 2 of the Orcish Mines)

   [ring of willpower]

   Int:       It affects your intelligence (+2).
   rF:        It protects you from fire.
   rC:        It protects you from cold.
   rElec:     It insulates you from electricity.
   Will:      It increases your willpower.
Wands
 A - a wand of quicksilver (19)
 D - a wand of flame (95)
 E - a wand of roots (23)
 K - a wand of digging (15)
Scrolls
 i - 2 scrolls of silence
 m - 10 scrolls of teleportation
 t - a scroll of identify
 x - a scroll of amnesia
 L - 3 scrolls of magic mapping
 O - a scroll of poison {unknown}
 R - 6 scrolls of blinking
 Z - a scroll of fear {unknown}
Potions
 d - 6 potions of might
 k - 4 potions of invisibility
 l - 4 potions of ambrosia
 n - 7 potions of curing
 q - 2 potions of berserk rage
 z - 11 potions of heal wounds
 B - 5 potions of lignification
 C - a potion of cancellation
 F - 4 potions of haste
 G - a potion of brilliance
 S - 3 potions of resistance
 T - 3 potions of magic
Miscellaneous
 v - a phial of floods


   Skills:
 + Level 21.7(26.7) Fighting
 + Level 14.6(19.6) Maces & Flails
 + Level 10.9(15.9) Throwing
 - Level 10.0(15.0) Armour
 - Level 10.0(15.0) Dodging
 - Level 10.0(15.0) Shields
 + Level 14.5 Invocations
 - Level 5.0 Evocations


You had 16 spell levels left.
You didn't know any spells.
Your spell library was empty.

Dungeon Overview and Level Annotations

Branches:
Dungeon (15/15)            Temple (0/1) D:4            Lair (5/5) D:10
  Swamp (3/4) Lair:2        Snake (0/4) Lair:3        Slime (0/5) Lair:4
    Orc (2/2) D:10            Elf (0/3) Orc:2        Vaults (0/5) D:14
 Depths (0/4) D:15          IceCv (visited)

Altars:
Ashenzari
Dithmenos
Elyvilon
Gozag
Hepliaklqana
Kikubaaqudgha
Okawaru
Ru
Uskayaw
Vehumet
Wu Jian
Xom
Yredelemnul
Zin
Jiyva

Shops:
D:6 (   D:7 *   Orc:2 :(=*[

Annotations:
D:14 1 runed translucent door, exclusion: 4 orange crystal statues
Swamp:3 1 transporter


Innate Abilities, Weirdness & Mutations

You have a pair of horns on your head.
You reflexively headbutt those who attack you in melee.


Message History

The ghoul claws you but does no damage.
You hit the death drake.
You feel better.
The death drake is almost dead.
You block the spectral fenstrider witch's attack.
The spectral fenstrider witch closely misses you.
The death drake breathes miasma at you. The foul vapour misses you.
The spectral spriggan air mage completely misses you.
The ghoul barely misses you. The ghoul claws you!
The ghost crab breathes spectral mist at you.
The spectral mist engulfs you but does no damage.
The ghoul barely misses you. You furiously retaliate!
You headbutt the ghoul! You block the ghoul's attack.
You whack the death drake!
You feel better.
You kill the death drake!
Okawaru accepts your kill.
You are engulfed in dark miasma.
The spectral fenstrider witch hits you.
* * * LOW HITPOINT WARNING * * *
The spectral fenstrider witch kicks you but does no damage.
Okay, then.
As you read the scroll of teleportation, it crumbles to dust.
You feel strangely unstable.
You are engulfed in dark miasma.
You are poisoned.
You feel as though you will be slow longer.
* * * LOW HITPOINT WARNING * * *
You feel very sick.
The spectral spriggan air mage fades away!
The spectral fenstrider witch hits you but does no damage.
You block the spectral fenstrider witch's attack.
The ghost crab breathes spectral mist at you.
The spectral mist engulfs you but does no damage.
The ghoul misses you. The ghoul claws you!!
* * * LOW HITPOINT WARNING * * *
The ghoul misses you. You furiously retaliate!
You headbutt the ghoul! You block the ghoul's attack.
You block the spectral fenstrider witch's attack.
The spectral fenstrider witch closely misses you.
The ghoul closely misses you. You furiously retaliate!
You headbutt the ghoul! The ghoul claws you!!
You die...

♣~.~.~~~♣.............♣♣
#~~~...........©.......♣
.~.~..~~=..#########...♣
.~.♣...~..##8:??$[8##..♣
.~♣..♣♣♣..#.........#..♣
#~~~...~..#.#.....#.#..♣
♣~.~.~♣~..#..#...#..#..♣
♣~...~~~..#..!.n°°°.#..♣
♣~~~~..~..#..#.n@#..#..♣
♣~...~.♣..#.#..t°Z#.#..♣
♣~~.♣~~♣..#....°...©#..♣
#~~.~~~♣..##8.....8##..♣
~...~~♣♣...#########...♣
♣.~~~~♣♣.)..|..©.......♣
♣~~~~~♣♣♣.............♣♣
♣..~.♣♣ ♣♣.~~~.~♣~~♣♣♣♣
♣♣.~.♣ ♣♣.~~~~~.~♣♣


You could see 2 ghouls, a ghost crab and a spectral fenstrider witch (summoned).

Vanquished Creatures
  Saint Roka (Orc:2)
  A tentacled monstrosity (Swamp:3)
  3 liches (D:14)
  The ghost of Persephone the Peltast, an adept GrFi of Qazlal (D:14)
  Frances (D:13)
  2 thorn hunters
  The ghost of nickcage the Phalangite, a journeyman MfGl of Hepliaklqana (D:14)
  An orc warlord (Orc:2)
  A stone giant (D:15)
  Nessos (Lair:4)
  The ghost of Amet the Severer, a journeyman MiBe of Trog (Swamp:3)
  4 eleionomae
  Azrael (D:15)
  8 bunyips
  The ghost of SensoryNuts the Carver, a journeyman DsFi (D:12)
  A shambling mangrove (Swamp:2)
  16 hydras
  2 boulder beetles
  The ghost of PorkyPig the Nimble, a journeyman GnMo of Nemelex Xobeh (D:11)
  An ice dragon (IceCv)
  3 ghost crabs
  Fannar (D:10)
  7 catoblepae
  2 centaur warriors
  8 two-headed ogres
  A death knight (D:13)
  The ghost of Urdicil the Cleaver, a novice MiBe of Trog (D:9)
  6 alligators
  6 tengu warriors
  17 death yaks
  An orc high priest (Orc:2)
  Sonja (D:10)
  8 goliath frogs
  3 death drakes
  4 swamp dragons
  4 bog bodies
  4 spriggan druids
  Pikel (D:5)
  7 orc knights
  A deep elf pyromancer (D:15)
  4 orc sorcerers
  4 cyclopes
  3 ugly things (D:13)
  A necromancer (D:14)
  3 manticores
  15 elephants
  A spectral centaur (D:11)
  A will-o-the-wisp (Swamp:3)
  Joseph (D:9)
  A salamander (shapeshifter) (D:14)
  2 ice statues (IceCv)
  Maurice (D:9)
  5 black mambas
  A centaur zombie (D:11)
  9 cane toads
  A torpor snail (Lair:4)
  2 efreet
  6 komodo dragons
  5 rime drakes
  The ghost of ShnitzelX2 the Firebug, a novice FoFE (D:7)
  A kobold demonologist (D:11)
  An unseen horror (D:11)
  7 trolls
  6 meliai
  14 hornets
  A wolf spider simulacrum (D:15)
  6 tyrant leeches
  2 dream sheep (Lair:4)
  4 blink frogs (Lair:5)
  2 meliai zombies (D:11)
  5 slime creatures
  A vampire (D:9)
  12 spriggans
  A yak (shapeshifter) (D:15)
  5 wyverns
  A centaur simulacrum (D:11)
  3 wraiths
  4 fire elementals
  3 shadows
  54 yaks
  A steam dragon (D:8)
  4 basilisks
  A warg (Orc:1)
  A death yak simulacrum (Lair:1)
  8 swamp worms
  14 vampire mosquitoes
  5 nagas (Lair:3)
  A two-headed ogre zombie (D:10)
  An acid dragon (shapeshifter) (D:13)
  A hell hound (D:15)
  12 water moccasins
  An ice beast (D:6)
  9 swamp drakes
  2 black bears
  28 orc warriors
  5 ogres
  3 wolves (Lair:4)
  2 lemures (D:6)
  2 centaurs
  A phantom (D:10)
  2 kobold brigands
  Blork the orc (Orc:2)
  5 bullfrogs
  A necrophage (D:4)
  A gnoll sergeant (D:7)
  A cane toad simulacrum (Lair:1)
  7 wights (D:8)
  2 troll zombies (D:10)
  4 lindwurm simulacra (IceCv)
  16 killer bees
  2 electric eels (D:6)
  6 hounds
  4 komodo dragon simulacra (IceCv)
  A gnoll bouda (D:6)
  11 jellies
  20 orc priests
  Crazy Yiuf (D:4)
  Ijyb (D:5)
  Natasha (thrice) (D:2)
  4 iguanas
  15 orc wizards
  4 hell rats (Lair:4)
  A polar bear simulacrum (Lair:1)
  5 ogre zombies (D:10)
  A boggart simulacrum (D:11)
  10 adders
  10 gnolls
  6 acid dragon simulacra (IceCv)
  4 white imps
  7 steam dragon simulacra (IceCv)
  A worm (D:2)
  3 dart slugs
  58 orcs
  24 endoplasms
  4 giant cockroaches
  10 hobgoblins
  4 jackals (D:2)
  19 kobolds
  4 quokkas
  11 ball pythons
  5 bats
  2 frilled lizards (D:1)
  4 goblins
  2 goblin skeletons (D:10)
  4 goblin zombies (D:10)
  2 hobgoblin skeletons (D:10)
  2 hobgoblin zombies (D:10)
  15 orc zombies (D:10)
  6 rats
  2 briar patches (Swamp:3)
775 creatures vanquished.

Vanquished Creatures (others)
  2 bloated husks (Swamp:1)
  A tyrant leech (Swamp:3)
  An orc wizard (Orc:2)
  An orc (Orc:2)
  A briar patch (Swamp:3)
  4 foxfires (Swamp:3)
  18 fungi
  35 plants
63 creatures vanquished.

Grand Total: 838 creatures vanquished

Notes
Turn   | Place    | Note
-------+----------+-------------------------------------------
     0 | D:1      | Godmorgon the Minotaur Fighter began the quest for the Orb.
     0 | D:1      | Reached XP level 1. HP: 19/19 MP: 0/0
   229 | D:1      | Reached XP level 2. HP: 27/27 MP: 1/1
   339 | D:1      | Reached skill level 4 in Fighting
   416 | D:1      | Found a faded altar of an unknown god.
   813 | D:1      | Reached XP level 3. HP: 29/33 MP: 2/2
  1236 | D:2      | Identified the +2 trident of the Voracious God {distort,
                  | SInv}
  1428 | D:2      | Noticed Natasha
  1443 | D:2      | Killed Natasha
  1444 | D:2      | Reached XP level 4. HP: 26/41 MP: 3/3
  1961 | D:2      | Reached skill level 5 in Maces & Flails
  2277 | D:2      | Noticed Natasha
  2284 | D:2      | Killed Natasha
  2628 | D:2      | Noticed Natasha
  2632 | D:2      | Killed Natasha
  2633 | D:2      | Reached skill level 5 in Fighting
  2633 | D:2      | Reached XP level 5. HP: 48/48 MP: 4/4
  2662 | D:3      | Found a hide-covered altar of Uskayaw.
  2689 | D:3      | Found a radiant altar of Vehumet.
  3027 | D:3      | Found a sacrificial altar of Ru.
  3243 | D:3      | Found an ancient bone altar of Kikubaaqudgha.
  3667 | D:4      | Reached XP level 6. HP: 56/56 MP: 5/5
  3707 | D:4      | Found a hazy altar of Hepliaklqana.
  3841 | D:4      | Found an iron altar of Okawaru.
  3853 | D:4      | Became a worshipper of Warmaster Okawaru
  3859 | D:4      | Found a staircase to the Ecumenical Temple.
  3988 | D:4      | Found a runed translucent door.
  3989 | D:4      | Noticed Crazy Yiuf
  4326 | D:4      | Reached skill level 6 in Fighting
  4326 | D:4      | Reached skill level 1 in Invocations
  4636 | D:4      | Killed Crazy Yiuf
  4766 | D:5      | Entered Level 5 of the Dungeon
  4766 | D:5      | Noticed Pikel
  4766 | D:5      | You fall into a shaft and drop 1 floor!
  4773 | D:6      | Reached XP level 7. HP: 63/63 MP: 6/6
  4792 | D:6      | Found a basalt altar of Yredelemnul.
  5075 | D:6      | Found Muriwid's Antique Weapon Boutique.
  5083 | D:6      | Reached * piety under Okawaru
  5167 | D:5      | Found a glowing silver altar of Zin.
  5367 | D:6      | Reached skill level 7 in Fighting
  5367 | D:6      | Reached XP level 8. HP: 68/73 MP: 9/9
  5502 | D:5      | Noticed Ijyb
  5509 | D:5      | Killed Ijyb
  5565 | D:5      | Killed Pikel
  5565 | D:5      | Reached ** piety under Okawaru
  5566 | D:5      | Reached skill level 8 in Fighting
  5566 | D:5      | Reached skill level 10 in Maces & Flails
  6089 | D:6      | Found a transporter.
  6132 | D:6      | Found a transporter.
  6215 | D:6      | Reached skill level 1 in Throwing
  6215 | D:6      | Reached skill level 1 in Dodging
  6215 | D:6      | Reached XP level 9. HP: 45/81 MP: 8/11
  6569 | D:6      | Found an ornate altar of the Wu Jian Council.
  6888 | D:7      | Found Cecuduon's General Store.
  6983 | D:7      | Bought a potion of curing for 36 gold pieces
  6983 | D:7      | Bought a scroll of teleportation for 36 gold pieces
  6983 | D:7      | Bought a potion of mutation for 96 gold pieces
  6983 | D:7      | Bought a scroll of immolation for 48 gold pieces
  7310 | D:7      | Found a runed translucent gate.
  7311 | D:7      | Found a runed translucent gate.
  7311 | D:7      | Found a runed translucent gate.
  7312 | D:7      | Noticed ShnitzelX2's ghost (novice FoFE)
  7716 | D:7      | Found a sacrificial altar of Ru.
  7718 | D:7      | Found an iron altar of Okawaru.
  7718 | D:7      | Found a broken altar of Ashenzari.
  7720 | D:7      | Found a basalt altar of Yredelemnul.
  7720 | D:7      | Found a hazy altar of Hepliaklqana.
  7720 | D:7      | Found a shimmering altar of Xom.
  7781 | D:7      | Killed ShnitzelX2's ghost
  7782 | D:7      | Reached skill level 5 in Invocations
  8019 | D:8      | Reached *** piety under Okawaru
  8026 | D:8      | Reached skill level 5 in Armour
  8038 | D:8      | Reached skill level 5 in Shields
  8244 | D:8      | Reached skill level 9 in Fighting
  8504 | D:8      | Reached XP level 10. HP: 76/91 MP: 13/13
  8892 | D:8      | Found a shadowy altar of Dithmenos.
  9403 | D:9      | Reached **** piety under Okawaru
  9403 | D:9      | Received a gift from Okawaru
  9484 | D:9      | Found a transporter.
  9484 | D:9      | Noticed Urdicil's ghost (novice MiBe)
  9485 | D:9      | Identified the +7 dire flail "Qudil" {holy, rN++ MP+9
                  | Dex-2}
  9485 | D:9      | Noticed a two-headed ogre
  9488 | D:9      | Noticed a two-headed ogre
  9497 | D:9      | Noticed Joseph
  9506 | D:9      | Killed Joseph
  9633 | D:9      | Found an opulent altar of Gozag.
  9647 | D:9      | Noticed Maurice
  9660 | D:9      | Killed Maurice
  9661 | D:9      | Reached skill level 5 in Dodging
  9708 | D:9      | Reached skill level 10 in Fighting
  9723 | D:9      | Reached skill level 5 in Throwing
 10383 | D:9      | Noticed a two-headed ogre
 10544 | D:9      | Found a transporter.
 10565 | D:9      | Killed Urdicil's ghost
 10565 | D:9      | Received a gift from Okawaru
 10569 | D:9      | Killed a two-headed ogre
 10570 | D:9      | Reached XP level 11. HP: 77/101 MP: 8/15
 10571 | D:9      | Killed a two-headed ogre
 10571 | D:9      | Reached ***** piety under Okawaru
 10573 | D:9      | Killed a two-headed ogre
 10691 | D:10     | Entered Level 10 of the Dungeon
 10692 | D:10     | Found a white marble altar of Elyvilon.
 10762 | D:10     | Found a staircase to the Lair.
 10775 | D:10     | Found a staircase to the Orcish Mines.
 10824 | D:10     | Received a gift from Okawaru
 10825 | D:10     | Reached skill level 11 in Fighting
 11300 | D:10     | Noticed Fannar
 11315 | D:10     | Killed Fannar
 11407 | D:10     | Noticed Sonja
 11417 | D:10     | Killed Sonja
 11541 | D:10     | Noticed a two-headed ogre
 11545 | D:10     | Killed a two-headed ogre
 11545 | D:10     | Received a gift from Okawaru
 11970 | D:10     | Noticed a two-headed ogre
 11982 | D:10     | Killed a two-headed ogre
 11982 | D:10     | Received a gift from Okawaru
 12310 | D:10     | Reached skill level 12 in Fighting
 12462 | Lair:1   | Entered Level 1 of the Lair of Beasts
 12462 | Lair:1   | Noticed a death yak
 12462 | Lair:1   | Noticed a death yak
 12462 | Lair:1   | Noticed a death yak
 12462 | Lair:1   | Noticed a death yak
 12472 | D:10     | Killed a death yak
 12473 | D:10     | Reached skill level 10 in Armour
 12678 | Lair:1   | Killed a death yak
 12685 | Lair:1   | Killed a death yak
 12693 | Lair:1   | Killed a death yak
 12694 | Lair:1   | Reached XP level 12. HP: 72/113 MP: 10/18
 12726 | Lair:1   | Found a frozen archway.
 12957 | IceCv    | Entered an ice cave
 13075 | IceCv    | Received a gift from Okawaru
 13076 | IceCv    | Reached skill level 13 in Fighting
 13114 | IceCv    | Reached skill level 10 in Invocations
 13469 | IceCv    | Noticed an ice dragon
 13497 | IceCv    | Killed an ice dragon
 13810 | Lair:1   | Received a gift from Okawaru
 13811 | Lair:1   | Reached skill level 14 in Fighting
 14065 | Lair:1   | Reached ****** piety under Okawaru
 14785 | Lair:2   | Noticed a death yak
 14785 | Lair:2   | Noticed a death yak
 14785 | Lair:2   | Noticed a death yak
 14786 | Lair:2   | Noticed a death yak
 14787 | Lair:2   | Noticed a death yak
 14793 | Lair:2   | Killed a death yak
 14793 | Lair:2   | Received a gift from Okawaru
 14794 | Lair:2   | Reached skill level 15 in Fighting
 14803 | Lair:2   | Killed a death yak
 14811 | Lair:2   | Killed a death yak
 14811 | Lair:2   | Received a gift from Okawaru
 14826 | Lair:2   | Killed a death yak
 14833 | Lair:2   | Killed a death yak
 14834 | Lair:2   | Reached skill level 16 in Fighting
 14976 | Lair:2   | Noticed a four-headed hydra
 14994 | Lair:2   | Killed a four-headed hydra
 15041 | Lair:2   | Noticed a seven-headed hydra
 15371 | Lair:2   | Found a transporter.
 15373 | Lair:2   | Found a transporter.
 15374 | Lair:2   | Noticed a boulder beetle
 15449 | Lair:2   | Killed a seven-headed hydra
 15580 | Lair:2   | Reached XP level 13. HP: 120/130 MP: 19/19
 15736 | Lair:2   | Reached skill level 17 in Fighting
 16060 | Lair:2   | Found a staircase to the Swamp.
 16457 | Lair:3   | Found a staircase to the Snake Pit.
 16659 | Lair:3   | Reached skill level 18 in Fighting
 16971 | Lair:3   | Received a gift from Okawaru
 17640 | Lair:4   | Received a gift from Okawaru
 17640 | Lair:4   | Found the +3 pair of mountain boots {steadfast, rC+}
 17646 | Lair:4   | Reached skill level 19 in Fighting
 17873 | Lair:4   | Identified the ring of Untruth {Wiz rElec rPois rC- Str-3}
 17986 | Lair:4   | Noticed Nessos
 18000 | Lair:4   | Killed Nessos
 18427 | Lair:4   | Found a viscous altar of Jiyva.
 18429 | Lair:4   | Found a staircase to the Slime Pits.
 18870 | Lair:5   | Entered Level 5 of the Lair of Beasts
 18870 | Lair:5   | Found a hide-covered altar of Uskayaw.
 18976 | Lair:5   | Reached skill level 1 in Evocations
 19426 | Lair:5   | Reached XP level 14. HP: 137/147 MP: 13/20
 19531 | Lair:5   | Received a gift from Okawaru
 19670 | Lair:5   | Reached skill level 20 in Fighting
 19897 | Lair:5   | Identified the +4 ring mail of Hooshrio {rPois rF+}
                  | (Okawaru gifted it to you on level 5 of the Lair of Beasts)
 19897 | Lair:5   | Received a gift from Okawaru
 21020 | D:11     | Found a runed translucent gate.
 21020 | D:11     | Found a runed translucent gate.
 21022 | D:11     | Found a runed translucent gate.
 21023 | D:11     | Noticed PorkyPig's ghost (journeyman GnMo)
 21424 | D:11     | Killed PorkyPig's ghost
 21597 | D:12     | Found a runed translucent door.
 21597 | D:12     | Noticed SensoryNuts's ghost (journeyman DsFi)
 21613 | D:12     | Killed SensoryNuts's ghost
 22251 | D:13     | Noticed Frances
 22273 | D:13     | Killed Frances
 22300 | D:13     | Identified a scroll of acquirement
 22404 | D:13     | Acquired a +1 eveningstar of holy wrath
 22511 | D:13     | Identified the +1 hat "Fusiah" {Drain Fly Will+++ Str+3}
                  | (Okawaru gifted it to you on level 13 of the Dungeon)
 22511 | D:13     | Received a gift from Okawaru
 22691 | D:13     | Reached XP level 15. HP: 139/156 MP: 19/22
 22887 | D:14     | Found the +10 tower shield of Ignorance {rN+ Int-4}
 22887 | D:14     | Found a runed translucent door.
 23135 | D:14     | Found a runed translucent door.
 23447 | D:14     | Found a gate to the Vaults.
 23513 | D:14     | Found a runed translucent gate.
 23514 | D:14     | Found a runed translucent gate.
 23514 | D:14     | Found a runed translucent gate.
 23514 | D:14     | Noticed a lich
 23515 | D:14     | Found an ancient bone altar of Kikubaaqudgha.
 23515 | D:14     | Noticed nickcage's ghost (journeyman MfGl)
 23515 | D:14     | Noticed Persephone's ghost (adept GrFi)
 23515 | D:14     | Noticed a lich
 23515 | D:14     | Noticed a lich
 23535 | D:14     | Killed a lich
 23545 | D:14     | Killed a lich
 23549 | D:14     | Killed nickcage's ghost
 23558 | D:14     | Killed a lich
 23567 | D:14     | Killed Persephone's ghost
 23577 | D:14     | Identified the +2 pair of boots "Lafa" {rF+++ Int-3 Dex+7
                  | Stlth-}
 23615 | D:14     | Identified the ring "Mil Musch" {AC+4 Str+3}
 24259 | D:15     | Entered Level 15 of the Dungeon
 24515 | D:15     | Reached skill level 5 in Evocations
 24529 | D:15     | Received a gift from Okawaru
 25099 | D:15     | Noticed Azrael
 25106 | D:15     | Killed Azrael
 25423 | D:15     | Found a staircase to the Depths.
 25437 | D:15     | Received a gift from Okawaru
 25803 | Orc:1    | Entered Level 1 of the Orcish Mines
 25919 | Orc:2    | Entered Level 2 of the Orcish Mines
 26013 | Orc:2    | Noticed an orc warlord
 26035 | Orc:2    | Killed an orc warlord
 26334 | Orc:2    | Noticed Saint Roka
 26359 | Orc:2    | Killed Saint Roka
 26409 | Orc:2    | Noticed Blork the orc
 26423 | Orc:2    | Killed Blork the orc
 26451 | Orc:2    | Found Ryaplog's General Store.
 26494 | Orc:2    | Found Poshiecwi's Antique Armour Boutique.
 26628 | Orc:2    | Bought a potion of heal wounds for 85 gold pieces
 26628 | Orc:2    | Bought a scroll of blinking for 127 gold pieces
 26628 | Orc:2    | Bought a scroll of enchant armour for 127 gold pieces
 26628 | Orc:2    | Bought a scroll of blinking for 127 gold pieces
 26702 | Orc:2    | Found a staircase to the Elven Halls.
 26741 | Orc:2    | Found Rageuru's Vocational Training.
 26897 | Orc:2    | Found Lyrolik's Antique Weapon Boutique.
 26924 | Orc:2    | Found Yzxawurgh's Jewellery Boutique.
 26930 | Orc:2    | Bought the ring of Paor {rElec rF+ rC+ Will+ Int+2} for 915
                  | gold pieces
 27080 | Orc:1    | Received a gift from Okawaru
 27081 | Orc:1    | Reached skill level 21 in Fighting
 27431 | Orc:2    | Bought a manual of Invocations for 960 gold pieces
 27638 | Swamp:1  | Entered Level 1 of the Swamp
 27780 | Swamp:1  | Identified the +2 robe of the Storm King {rPois} (Okawaru
                  | gifted it to you on level 1 of the Swamp)
 27780 | Swamp:1  | Received a gift from Okawaru
 27940 | Swamp:1  | Reached XP level 16. HP: 167/167 MP: 24/24
 29086 | Swamp:2  | Reached skill level 10 in Shields
 29651 | Swamp:3  | Reached XP level 17. HP: 173/173 MP: 25/25
 29665 | Swamp:3  | Identified the ring of the Robin {rElec Str-4 Dex+6 SInv}
 29667 | Swamp:3  | Noticed Amet's ghost (journeyman MiBe)
 29700 | Swamp:3  | Reached skill level 10 in Throwing
 29700 | Swamp:3  | Reached skill level 10 in Dodging
 30592 | Swamp:2  | Received a gift from Okawaru
 30736 | Swamp:3  | Received a gift from Okawaru
 31103 | Swamp:3  | Received a gift from Okawaru
 31244 | Swamp:3  | Noticed a tentacled monstrosity
 31261 | Swamp:3  | Killed a tentacled monstrosity
 31411 | Swamp:3  | Found a transporter.
 31426 | Swamp:3  | Found a transporter.
 31660 | Swamp:3  | Killed Amet's ghost
 31666 | Swamp:3  | Slain by a ghoul

Illustrated notes

Levels and vault maps discovered:
D:1:      shiori_angband_town, layout_loops_ring, ebering_ecumenical_altar_hall
D:2:      layout_basic, serial_aquarium, aquarium_bridge_square
          [aquarium_subvault_window, aquarium_subvault_wall,
          aquarium_subvault_wall, aquarium_subvault_bridge],
          aquarium_window_fake, aquarium_window_3, aquarium_window_fake,
          aquarium_view_2f, grunt_ministairs_15, uniq_natasha
D:3:      layout_loops_ring, kiku_gazebo_pond_becter, old_standard_altar,
          vehumet_crystals, nicolae_uskayaw_dance_hall,
          amcnicky_mini_corridor_feature, cheibrodos_gnoll_hut
D:4:      minmay_clustersquares, layout_loops_ring,
          nicolae_overflow_hidden_temple, mainiacjoe_overflow_boulevard,
          minmay_temple_entry_large_hall, kennysheep_generic_room_15,
          uniq_crazy_yiuf_cottage
D:5:      layout_basic, zin_academy, minmay_misc_feat_roman, uniq_ijyb,
          uniq_pikel
D:6:      gammafunk_steamed_eel, layout_basic, kennysheep_mini_moat,
          nicolae_wu_jian_immortal_techniques, serial_shops, nicolae_shop_trees,
          grunt_ministairs_7
D:7:      layout_loops_cross, doesnt_xom_only_xom, ebering_ghost_rock_garden,
          kennysheep_small_circle
D:8:      layout_layer_cave, mainiacjoe_overflow_small_starburst,
          minmay_tree_intersection, eino_jars
D:9:      layout_basic, mainiacjoe_overflow_paths, gammafunk_ghost_smash,
          uniq_maurice, uniq_joseph
D:10:     layout_irregular_city, mainiacjoe_overflow_cross_hatched,
          david_lair_shrubbed, zombieorc2_lemuel, grunt_ogre_cave, minivault_26,
          uniq_fannar, uniq_sonja
D:11:     layout_rooms, gammafunk_ghost_necromancy
D:12:     layout_long_grid, ebering_ghost_inner_flame
D:13:     layout_big_octagon, uniq_frances
D:14:     layout_basic, david_vaults_4, gammafunk_ghost_crypt,
          chequers_guarded_unrand_ignorance
D:15:     grunt_enter_depths_snipers, layout_long_grid,
          minmay_misc_feat_more_columns, uniq_azrael
Lair:1:   layout_roguey, portal_ice_cave_entry_ice_simulacra
Lair:2:   gammafunk_boulding_lane, layout_regular_city, palyth_hydra_swamp_entry
Lair:3:   layout_roguey, minmay_snake_entry_guardpost_large, pond,
          serial_bayou_shore_b, lemuel_fruit_tree, grunt_megastairs_1
Lair:4:   lemuel_slime, layout_gridlike, dpeg_slime_entry_corner, uniq_nessos
Lair:5:   evilmike_catoblepas_cave, layout_loops_ring, basic_altar, st_stairs_5
Swamp:1:  layout_falls_marsh, serial_swamp_ruin, evilmike_swamp_ruin_rubble_2,
          evilmike_swamp_ruin_house_1, swamp_pool5, infiniplex_staircase_pool_2
Swamp:2:  layout_falls_marsh, evilmike_swamp_ruin_house_3, swamp_pool3
Swamp:3:  nzn_winding_woodlands_small [nzn_winding_woodlands_5x15_concentric,
          nzn_winding_woodlands_center_garden,
          nzn_winding_woodlands_5x15_garden], layout_falls_marsh,
          gammafunk_ghost_arena, evilmike_swamp_ruin_house_5, swamp_pool5
Orc:1:    layout_caves
Orc:2:    grunt_orc_cross, layout_caves, nicolae_shop_vocational

Skill      XL: |  1  2  3  4  5  6  7  8  9 10 11 12 13 14 15 16 17 |
---------------+----------------------------------------------------+-----
Maces & Flails | 3 4 5 6 7 9 10 11 13 14 | 14.6
Fighting       | 4 5 6 7 8 9 10 12 16 19 20 21 | 21.7
Invocations    | 1 3 4 5 7 9 10 11 12 13 14 | 14.5
Throwing       | 1 3 5 6 7 9 10 | 10.9
Dodging        | 1 3 5 7 9 10 | 10.0
Armour         | 5 7 10 | 10.0
Shields        | 5 7 9 10 | 10.0
Evocations     | 1 4 5 |  5.0

Action                   |  1- 3 |  4- 6 |  7- 9 | 10-12 | 13-15 | 16-18 || total
-------------------------+-------+-------+-------+-------+-------+-------++-------
Melee: Flail             |    93 |    95 |   243 |   466 |    26 |       ||   923
       Headbutt          |     8 |    18 |    43 |   118 |   326 |   137 ||   650
       Whip              |       |    44 |       |       |       |       ||    44
       Morningstar       |       |       |       |       |   658 |       ||   658
       Eveningstar       |       |       |       |       |   211 |     8 ||   219
       Demon whip        |       |       |       |       |   266 |   429 ||   695
Throw: Dart              |       |     1 |     5 |    17 |    17 |       ||    40
       Boomerang         |       |       |       |    46 |   118 |    14 ||   178
       Javelin           |       |       |       |     7 |    22 |     7 ||    36
Invok: Heroism           |       |       |     5 |    14 |    28 |    15 ||    62
       Finesse           |       |       |       |     5 |     2 |       ||     7
Evoke: Wand              |       |       |     5 |       |       |       ||     5
  Use: Scroll            |       |       |     6 |     5 |    18 |     6 ||    35
       Potion            |       |       |       |     2 |       |     5 ||     7
 Stab: Petrified         |       |       |       |       |    14 |       ||    14
       Confused          |       |       |       |       |       |     2 ||     2
Armor: Scale mail        |    32 |       |       |       |       |       ||    32
       Chain mail        |    20 |    62 |   104 |   124 |   195 |       ||   505
       Ring mail         |       |       |       |       |   240 |   165 ||   405
       Ice dragon scales |       |       |       |       |    25 |    28 ||    53
Dodge: Dodged            |    34 |    39 |   118 |   231 |   694 |   420 ||  1536
Block: Buckler           |    22 |    25 |    67 |    78 |   371 |   202 ||   765
